 Dungeon Crawl Stone Soup version 0.17-a0-1510-gb3fb22e (webtiles) character file.

89 Fluffy the Slasher (level 4, -4/34 HPs)
             Began as a Demonspawn Gladiator on July 11, 2015.
             Slain by a gnoll
             ... wielding a +1 halberd of distortion
              (5 damage)
             ... on level 2 of the Dungeon.
             The game lasted 00:04:40 (2852 turns).

Fluffy the Slasher (Demonspawn Gladiator)           Turns: 2852, Time: 00:04:40

Health: -4/34      AC:  4    Str: 17    XL:     4   Next: 31%
Magic:  4/4        EV: 13    Int:  9    God:
Gold:   123        SH:  0    Dex: 13    Spells: 0 memorised, 3 levels left

rFire  . . .     SeeInvis .     a - +0 long sword
rCold  . . .     Clarity  .     b - +0 leather armour
rNeg   . . .     SustAt   .     (no shield)
rPois  .         Gourm    .     c - +0 helmet
rElec  .         Spirit   .     (no cloak)
rCorr  .         Warding  .     (no gloves)
rMut   .         Stasis   .     (no boots)
MR     .....                    (no amulet)
Stlth  ++........               (no ring)
                                n - ring of stealth

@: not resistant to hostile enchantments, unstealthy
A: hooves 1
a: no special abilities


You were on level 2 of the Dungeon.
You were not hungry.

You visited 1 branch of the dungeon, and saw 3 of its levels.

You collected 123 gold pieces.

Inventory:

Hand weapons
 a - a +0 long sword (weapon)
Missiles
 d - 3 throwing nets (quivered)
Armour
 b - a +0 leather armour (worn)
 c - a +0 helmet (worn)
Jewellery
 n - a ring of stealth (left hand)
Scrolls
 f - a scroll of enchant armour {unknown}
 i - a scroll of remove curse {unknown}
 j - a scroll of magic mapping {unknown}
 k - 3 scrolls of identify {unknown}
 m - a scroll of amnesia {unknown}
 q - a scroll of enchant weapon {unknown}
 r - a scroll of fog {unknown}
Potions
 g - a potion of heal wounds {unknown}
 o - a potion of magic {unknown}
Comestibles
 e - 2 bread rations
 h - 3 fruits
 l - a meat ration
 p - a beef jerky


   Skills:
 + Level 2.9 Fighting
 + Level 3.3 Long Blades
 - Level 1.7 Throwing
 + Level 1.4 Armour
 + Level 3.2 Dodging


You had 3 spell levels left.
You didn't know any spells.

Dungeon Overview and Level Annotations

Branches:
Dungeon (3/15)

Altars:

Annotations:
D:3 badblocks's ghost, average FoFi


Innate Abilities, Weirdness & Mutations

You have large cloven feet.


Message History

You hit badblocks's ghost but do no damage.
Your kick misses badblocks's ghost.
Badblocks's ghost is lightly damaged.
Badblocks's ghost hits you!
* * * LOW HITPOINT WARNING * * *
Badblocks's ghost completely misses you.
You climb upwards.
There is a stone staircase leading down here.
You start resting.
You barely miss the gnoll.
The gnoll shouts!
You kick the gnoll, but do no damage.
The gnoll hits you with a halberd of distortion.
Space warps horribly around you!
* * * LOW HITPOINT WARNING * * *
You closely miss the gnoll. You kick the gnoll, but do no damage.
The gnoll hits you with a halberd of distortion.
* * * LOW HITPOINT WARNING * * *
Space bends around you.
You die...

#######.....
#...........
#.........##
#.........#
#######.........##
#>................
#.#####.........##
#.........#.#+###
#@.######.#.#.####
#.g....<).........
##.#.####.#.#.####
#.#......#.#.#
#.########.#g####
#...)..[...#.....
####......##g....
#......+......
#......##.....


You could see a gnoll.

Vanquished Creatures
  2 adders (D:2)
  2 gnolls
  3 giant geckos
  2 giant cockroaches (D:1)
  5 hobgoblins
  9 bats
  3 giant newts
  7 goblins
  3 jackals (D:2)
  7 kobolds
  7 rats
50 creatures vanquished.

Notes
Turn   | Place    | Note
--------------------------------------------------------------
     0 | D:1      | Fluffy the Demonspawn Gladiator began the quest for the Orb.
     0 | D:1      | Reached XP level 1. HP: 16/16 MP: 1/1
   130 | D:1      | Gained mutation: You have large cloven feet. [demonic ancestry]
   130 | D:1      | Reached XP level 2. HP: 16/22 MP: 2/2
   497 | D:1      | Reached skill level 3 in Long Blades
   995 | D:2      | Reached XP level 3. HP: 25/28 MP: 3/3
  1052 | D:2      | Reached skill level 1 in Armour
  1784 | D:1      | Reached XP level 4. HP: 13/34 MP: 4/4
  2458 | D:3      | Noticed badblocks's ghost (average FoFi)
  2852 | D:2      | HP: 1/34 [gnoll/halberd of distortion (6)]
  2852 | D:2      | Slain by a gnoll

Vault maps used:
D:1:      roderic_dead_forest, serial_bayou, serial_bayou_lagoon_a,
          serial_bayou_pond_d, serial_bayou_pond_b, serial_bayou_shore_a,
          minivault_27
D:3:      nicolae_overflow_hidden_temple, first_bread, hangedman_decor_riveting

Action                   |  1- 3 |  4- 6 || total
-------------------------+-------+-------++-------
Melee: Long sword        |   134 |    49 ||   183
 Stab: Sleeping          |     1 |     1 ||     2
  Eat: Chunk             |     2 |     4 ||     6
